Map: Nightshade LE

Players

bleu

  • Race: Zerg Zerg
  • League: Diamond
  • Spawn Location: 11:00

A.I. 1 (Very Easy) - Winner!

  • Race: Terran Terran
  • Spawn Location: 5:00

VOD

Have the link to the VOD?

Description

Time

  • Played on: March 25, 2020, 1:51 a.m.
  • Length: 4:33
Show
View Real Time Build Order
Export as new Build Order

bleu Zerg 

Build Orders: Hatch First 

Get SALT Encoding   

  12  0:01  Drone  
  13  0:12  Overlord  
  13  0:17  Drone  
  14  0:31  Drone x2  
  16  0:49  Hatchery  
  15  0:53  Drone  
  16  0:57  Drone  
  16  1:01  Drone  
  18  1:11  Extractor  
  18  1:16  Spawning Pool  
  16  1:20  Drone  
  16  1:22  Drone  
  18  1:28  Drone  
  19  1:39  Drone  
  20  1:49  Overlord  
  20  2:02  Queen x2  
  20  2:03  Zergling x2  
  20  2:04  Zergling x2  
  26  2:11  Drone  
  26  2:12  Drone  
  28  2:17  Metabolic Boost  
  28  2:22  Drone  
  29  2:23  Drone  
  30  2:42  Hatchery  
  29  2:47  Drone  
  29  2:48  Drone  
  31  2:53  Queen  
  33  2:58  Overlord  
  33  3:02  Drone  
  34  3:07  Pneumatized Carapace  
  34  3:11  Drone x2  
  36  3:17  Drone  
  36  3:18  Drone x2  
  39  3:21  Drone  
  39  3:24  Overlord  
  40  3:27  Drone  
  40  3:29  Drone  
  42  3:36  Drone x2  
  42  3:38  Overlord  
  44  3:44  Zergling x4  
  44  3:46  Drone  
  47  3:50  Drone  
  47  3:52  Drone  
  47  3:54  Queen, Drone  
  52  3:59  Drone  
  52  4:01  Drone  
  52  4:02  Drone x3  
  57  4:05  Drone  
  58  4:12  Drone  
  58  4:13  Drone  
  62  4:18  Drone x3  
Show
View Real Time Build Order
Export as new Build Order

A.I. 1 (Very Easy) Terran - Winner!

Build Orders:  

Get SALT Encoding   

  12  0:00  SCV  
  13  0:13  SCV  
  14  0:17  Supply Depot  
  14  0:37  Refinery  
  14  0:43  Barracks  
  14  1:05  Supply Depot  
  14  1:12  Refinery  
  14  1:30  Orbital Command, Marine  
  15  1:49  Barracks Tech Lab  
  15  1:56  SCV  
  16  2:08  SCV  
  17  2:16  Marine  
  17  2:20  SCV  
  19  2:33  SCV  
  20  2:45  SCV  
  21  2:57  SCV  
  22  3:02  Marauder  
Tags
 
League
Diamond
Matchup
TvZ
Spawn Locations
Cross Positions
Add a new tag
Caveats
  • Supply blocks, unpowered buildings, or Contaminate may cause inaccurate times.
  • Supply counts are checked every 10 seconds.